 Dungeon Crawl Stone Soup version 0.24-a0-412-ge138f7edaf (webtiles) character file.

Game seed: 4685692067152509813

62 Azzok the Chopper (level 4, 0/35 HPs)
             Began as a Formicid Fighter on June 6, 2019.
             Killed by divine providence
             ... invoked by an orc priest
              (14 damage)
             ... on level 2 of the Dungeon.
             The game lasted 00:02:38 (1850 turns).

Azzok the Chopper (Formicid Fighter)                Turns: 1850, Time: 00:02:39

Health: 0/35       AC: 14    Str: 22    XL:     4   Next: 28%
Magic:  4/4        EV:  8    Int:  7    God:
Gold:   95         SH:  9    Dex: 10    Spells: 3/3 levels left

rFire    . . .     SeeInvis +   j - +1 spear (pierce)
rCold    . . .     Gourm    .   c - +0 shield
rNeg     . . .     Faith    .   b - +0 scale mail
rPois    .         Spirit   .   (helmet unavailable)
rElec    .         Reflect  .   (no cloak)
rCorr    .         Harm     .   k - +0 pair of gloves
MR       .....                  (no boots)
Stlth    ..........             (no amulet)
HPRegen  0.11/turn              m - +6 ring of protection
MPRegen  0.09/turn              (no ring)

@: no status effects
A: permanent stasis, dig shafts and tunnels, four strong arms, antennae 3
a: Dig, Shaft Self


You were on level 2 of the Dungeon.
You were not hungry.

You visited 1 branch of the dungeon, and saw 3 of its levels.

You collected 95 gold pieces.

Inventory:

Hand Weapons
 a - a +0 war axe
 j - a +1 spear of piercing (weapon)
Armour
 b - a +0 scale mail (worn)
 c - a +0 shield (worn)
 k - a +0 pair of gloves (worn)
Jewellery
 m - a +6 ring of protection (left hand)
Scrolls
 g - 2 scrolls of amnesia {unknown}
 h - 3 scrolls of remove curse {unknown}
 i - a scroll of teleportation {unknown}
 n - a scroll of identify {unknown}
 o - a scroll of magic mapping {unknown}
Potions
 d - 3 potions of might
 e - a potion of haste {unknown}
Comestibles
 f - 3 rations


   Skills:
 - Level 3.2 Fighting
 + Level 4.2 Axes
 - Level 3.2 Armour
 - Level 3.6 Shields


You had 3 spell levels left.
You didn't know any spells.
Your spell library was empty.

Dungeon Overview and Level Annotations

Branches:
Dungeon (3/15)

Altars:
Hepliaklqana
Nemelex Xobeh


Innate Abilities, Weirdness & Mutations

You cannot be hasted, slowed, berserked, paralysed or teleported.
You can dig through walls and to a lower floor.
Your four strong arms can wield two-handed weapons with a shield.
You have a pair of large antennae on your head. (SInv)


Message History

The orc priest invokes the aid of Beogh against you.
You barely resist. The orc priest closely misses you.
The orc wizard mumbles some strange words.
The orc wizard seems to speed up.
You climb upwards.
There is a stone staircase leading down here.
You can't go up here!
You closely miss the orc priest.
The orc priest is almost dead.
The orc priest mumbles some strange prayers to Beogh against you.
Pain shoots through your body!
You closely miss the orc priest.
The orc priest is almost dead.
You block the orc priest's attack.
You closely miss the orc priest.
The orc priest is almost dead.
The orc priest mumbles some strange prayers to Beogh against you.
Beogh smites you!
You die...

▒▒▒▒▒
▒▒▒▒▒▒▒▒▒▒▒▒▒▒···▒
▒▒▒··············▒·▒
·······▒▒▒▒▒▒▒▒▒·▒·▒▒▒▒
▒▒▒·▒▒·▒ ▒····▒····▒
▒·▒▒·▒▒ ▒▒·▒▒▒▒▒▒▒·▒
▒·▒···▒ ▒·····▒····▒
▒·▒···▒▒▒▒····o▒(▒▒▒▒
▒·······▒▒····@▒·▒ ▒
▒················▒ ▒
▒·······▒▒·······▒▒▒▒▒
▒
▒·▒···▒▒▒▒·<·········▒
▒·▒···▒ ▒········▒▒·▒
▒▒▒·▒▒·▒▒ ▒▒▒▒·▒▒▒·▒▒·▒
····▒▒·▒ ▒·▒ ▒·▒▒·▒
▒▒▒▒▒▒·▒ ▒·▒ ▒·▒▒·▒ ▒·▒
▒·▒ ▒····▒


You could see an orc priest.

Vanquished Creatures
  An adder (D:3)
  2 dart slugs (D:1)
  A leopard gecko (D:1)
  A ball python (D:1)
  8 bats (D:1)
  2 giant cockroaches
  5 goblins
  6 hobgoblins
  4 jackals (D:1)
  7 kobolds
  5 rats
42 creatures vanquished.

Notes
Turn   | Place    | Note
-------+----------+-------------------------------------------
     0 | D:1      | Azzok the Formicid Fighter began the quest for the Orb.
     0 | D:1      | Reached XP level 1. HP: 18/18 MP: 1/1
    96 | D:1      | Reached XP level 2. HP: 24/24 MP: 2/2
   215 | D:1      | Reached skill level 3 in Axes
   308 | D:1      | Reached XP level 3. HP: 27/29 MP: 3/3
  1551 | D:2      | Found a sparkling altar of Nemelex Xobeh.
  1553 | D:2      | Found a hazy altar of Hepliaklqana.
  1570 | D:2      | Reached skill level 4 in Axes
  1570 | D:2      | Reached XP level 4. HP: 34/35 MP: 4/4
  1850 | D:2      | Killed from afar by an orc priest

Levels and vault maps discovered:
D:1:      minmay_arrival_open_corners, layout_loops_corners,
          minmay_tiny_reverse_x
D:2:      layout_loops_ring, chequers_temple_overflow_statue_of_worship
D:3:      layout_basic, lemuel_doored_altar, overflow_temple_1_default,
          nicolae_overflow_hidden_temple

Skill      XL: |  1  2  3 |
---------------+----------+-----
Axes           | 3 4 |  4.2
Fighting       | |  3.2
Armour         | |  3.2
Shields        | |  3.6

Action                   |  1- 3 |  4- 6 || total
-------------------------+-------+-------++-------
Melee: War axe           |   123 |       ||   123
       Spear             |    18 |    19 ||    37
  Eat: Chunk             |     2 |     1 ||     3
Armor: Scale mail        |    70 |     2 ||    72
Dodge: Dodged            |    59 |     3 ||    62
Block: Shield            |    94 |     6 ||   100

Table legend:
 A = Non-vault XP
 B = Vault XP
 C = Vault XP percentage of total XP
 D = Non-vault monster count
 E = Vault monster count
 F = Vault count percentage of total count
                 A         B        C        D         E       F
            +---------+---------+-------+---------+---------+-------
      Total |      87 |       2 |   2.2 |      40 |       2 |   4.8
            +---------+---------+-------+---------+---------+-------
        D:1 |      59 |       2 |   3.3 |      30 |       2 |   6.2
        D:2 |      15 |       0 |   0.0 |       9 |       0 |   0.0
        D:3 |      13 |       0 |   0.0 |       1 |       0 |   0.0
            +---------+---------+-------+---------+---------+-------
